[Event "Team 45 45 League T62"]
[Site "Internet Chess Club"]
[Date "2014.10.04"]
[Round "6"]
[White "drsigmund1"]
[Black "parrot9"]
[Result "1/2-1/2"]
[WhiteElo "1595"]
[BlackElo "1677"]
[Opening "Queen's bishop game"]
[ECO "D00"]
[Time "08:33:52"]
[TimeControl "2700+45"]

1. d4 d5 2. Bf4 Nf6 3. Nf3 e6 4. e3 a6 5. Bd3 Be7 6. h3 O-O 7. Nbd2 c5 8. c3
Nbd7 9. O-O b5 10. Ne5 Bb7 11. Qf3 Rc8 12. Rfc1 Qb6 13. g4 Rfd8 14. g5 Nxe5 15.
Bxe5 Nd7 16. Qh5 g6 17. Qh6 Nxe5 18. dxe5 Bf8 19. Qh4 Bg7 20. Qg3 Qc7 21. f4 Qb6
22. Qf2 b4 23. c4 dxc4 24. Nxc4 Qc6 25. Qf1 Qh1+ 26. Kf2 Qf3+ 27. Ke1 Qg3+ 28.
Ke2 Qh2+ 29. Ke1 Bg2 30. Qf2 Rxd3 31. Ke2 Rcd8 32. Nd6 Rd5 33. Rg1 Qxh3 34. Rxg2
Bf8 35. Ne4 Be7 36. Rg3 Qf5 37. Kf3 h5 38. gxh6 Bh4 39. Rxg6+ fxg6 40. Qxh4 Kh8
41. Qe7 Qh5+ 42. Kg3 Qxh6 43. Nf6 Rd2 44. Ng4 Qh7 45. Qxe6 Rd1 46. Rxd1 Rxd1 47.
Qf6+ Qg7 48. Qh4+ Kg8 49. Nf6+ Kf7 50. e6+ Kxe6 51. Qg4+ Kxf6 52. Qxd1 Qe7 53.
Qd3 Qe6 54. Qd8+ Kf5 55. Qf8+ Ke4 56. Qxc5 Kd3 57. Qd4+ Ke2 58. e4 Qxa2 59. Qxb4
a5 60. Qc3 Qb1 61. Qf3+ Kd2 62. Qf2+ Kd3 63. Qf3+ Kd4 64. Qc3+ Kxe4 65. Qe5+ Kd3
66. Qc3+ {Game drawn by mutual agreement} 1/2-1/2

[Event "Team 45 45 League T62"]
[Site "Internet Chess Club"]
[Date "2014.10.03"]
[Round "6"]
[White "Invicta-Knight"]
[Black "CaptK"]
[Result "0-1"]
[WhiteElo "1488"]
[BlackElo "1704"]
[Opening "Sicilian: closed"]
[ECO "B23"]
[Time "13:08:53"]
[TimeControl "2700+45"]

1. e4 c5 2. Nc3 e6 3. f4 g6 4. Nf3 Ne7 5. Bc4 Bg7 6. a3 O-O 7. O-O Nbc6 8. Qe1
d5 9. exd5 exd5 10. Bd3 c4 11. Be2 d4 12. Ne4 d3 13. cxd3 cxd3 14. Bd1 Bf5 15.
Ng3 Re8 16. Bb3 Qb6+ {White resigns} 0-1

[Event "Team 45 45 League T62"]
[Site "Internet Chess Club"]
[Date "2014.10.02"]
[Round "6"]
[White "justice02"]
[Black "barbiq"]
[Result "1-0"]
[WhiteElo "1815"]
[BlackElo "1477"]
[Opening "Ruy Lopez: 5.O-O"]
[ECO "C78"]
[Time "22:00:38"]
[TimeControl "2700+45"]

1. e4 e5 2. Nf3 Nc6 3. Bb5 a6 4. Ba4 Nf6 5. O-O b5 6. Bb3 Bc5 7. d3 h6 8. Nc3
O-O 9. Nd5 Nxd5 10. Bxd5 Bb7 11. Bxc6 Bxc6 12. Nxe5 Qf6 13. Nxc6 Qxc6 14. c3 Bb6
15. a4 Rad8 16. Be3 Bxe3 17. fxe3 d5 18. e5 Qb6 19. Qe2 Rb8 20. d4 bxa4 21. Rxa4
Qxb2 22. Qxb2 Rxb2 23. Rxa6 Rb3 24. Rc6 Rc8 25. Ra1 Rb2 26. Kf1 Rb7 27. Ra5 Rd8
28. Rcc5 Rdb8 29. Rxd5 Rb1+ 30. Kf2 R8b2+ 31. Kf3 Rf1+ 32. Ke4 Rxg2 33. Rd7 Rxh2
34. Rxc7 Re1 35. Ra8+ Kh7 36. Rxf7 Rhe2 37. Rf3 g5 38. e6 g4 39. Rg3 h5 40. e7
h4 41. e8=Q hxg3 42. Qg8+ Kh6 43. Ra6+ Kh5 44. Qh7+ Kg5 45. Qh6# {Black
checkmated} 1-0

[Event "Team 45 45 League T62"]
[Site "Internet Chess Club"]
[Date "2014.10.04"]
[Round "6"]
[White "LN09102Q"]
[Black "Grenadier"]
[Result "0-1"]
[WhiteElo "1511"]
[BlackElo "1573"]
[Opening "Caro-Kann: two knights, 3...Bg4"]
[ECO "B10"]
[Time "13:18:31"]
[TimeControl "2700+45"]

1. e4 c6 2. Nf3 d5 3. Nc3 Bg4 4. h3 Bh5 5. exd5 cxd5 6. Be2 Nc6 7. d4 Nf6 8. O-O
e6 9. Bg5 Be7 10. a3 O-O 11. Re1 Qb6 12. Rb1 Bxf3 13. Bxf3 Nxd4 14. Na4 Nxf3+
15. Qxf3 Qc7 16. Qd3 Rac8 17. Rbc1 Qc4 18. Qxc4 Rxc4 19. Nc3 h6 20. Bd2 Rfc8 21.
Re2 a6 22. Be1 d4 23. Nb1 d3 24. Rd2 Rxc2 25. Rdxc2 Rxc2 26. Rxc2 dxc2 27. Nc3
c1=Q {White resigns} 0-1

[Event "Team 45 45 League T62"]
[Site "Internet Chess Club"]
[Date "2014.10.04"]
[Round "6"]
[White "GoIrish"]
[Black "chessnow"]
[Result "1-0"]
[WhiteElo "1619"]
[BlackElo "1686"]
[Opening "Réti: King's Indian attack"]
[ECO "A05"]
[Time "20:01:23"]
[TimeControl "2700+45"]

1. Nf3 Nf6 2. g3 g6 3. Bg2 Bg7 4. O-O O-O 5. d3 d5 6. Nbd2 Bg4 7. h3 Bf5 8. c4
c6 9. cxd5 cxd5 10. Nb3 Nc6 11. d4 Be4 12. g4 Bxf3 13. Bxf3 b6 14. Bf4 Rc8 15.
e3 Re8 16. Rc1 e6 17. Be2 Rf8 18. Ba6 Rc7 19. Bxc7 Qxc7 20. Bb5 {Black resigns}
1-0

[Event "Team 45 45 League T62"]
[Site "Internet Chess Club"]
[Date "2014.10.05"]
[Round "6"]
[White "almond123"]
[Black "BrerRabbit"]
[Result "1/2-1/2"]
[WhiteElo "1450"]
[BlackElo "1484"]
[Opening "Pirc: Ufimtsev-Pytel variation"]
[ECO "B07"]
[Time "19:02:29"]
[TimeControl "2700+45"]

1. e4 d6 2. d4 Nf6 3. Nc3 c6 4. Nf3 Bg4 5. h3 Bh5 6. Bf4 e6 7. Be2 Be7 8. Nd2
Bxe2 9. Qxe2 O-O 10. O-O-O Nbd7 11. f3 Nb6 12. Nb3 d5 13. e5 Nfd7 14. Bh2 a5 15.
Qd3 Nc4 16. Nd2 Nxd2 17. Qxd2 Nb6 18. Qd3 Nc4 19. b3 Na3 20. Kb2 b5 21. Bf4 Qb6
22. Bc1 a4 23. Nb1 Nxb1 24. Kxb1 axb3 25. cxb3 Ba3 26. Bxa3 Rxa3 27. Kb2 Rfa8
28. Ra1 R8a4 29. Rhd1 Ra6 30. Qc3 Qa7 31. Rdc1 Rxa2+ 32. Rxa2 Rxa2+ 33. Kb1 Rxg2
34. Rc2 Rxc2 35. Kxc2 Qa8 36. Qc5 Qa2+ 37. Kc3 Qa5+ 38. Qb4 Qa1+ 39. Kd3 Qa8 40.
Qc5 Qb7 41. Kc3 g6 42. Kb4 Kg7 43. Ka5 Qa8+ 44. Kb6 Qa2 45. Qc3 Qg2 46. f4 Qe4
47. Kxc6 Qxf4 48. Kxb5 h5 49. Kc6 g5 50. b4 g4 51. hxg4 hxg4 52. b5 g3 53. b6 g2
54. b7 g1=Q 55. b8=Q Qgxd4 56. Qe1 Qc4+ 57. Kd6 Qce4 58. Qg1+ Qg4 59. Qf2 Qb4+
60. Qxb4 Qxb4+ 61. Kd7 Qg4 62. Qf6+ Kg8 63. Ke8 Qg7 64. Qf4 Qf8+ 65. Kd7 Qg7 66.
Kd6 Qf8+ 67. Kd7 Qg7 68. Kd6 Kf8 69. Kc5 Qg1+ 70. Kd6 d4 71. Qd2 Qe3 72. Qh2 Qg5
73. Qh8+ Qg8 74. Qf6 d3 75. Qd8+ Kg7 76. Qg5+ Kh8 77. Qh6+ Qh7 78. Qf8+ Qg8 79.
Qh6+ Qh7 80. Qf8+ Qg8 81. Qh6+ Qh7 {Game drawn by repetition} 1/2-1/2

[Event "Team 45 45 League T62"]
[Site "Internet Chess Club"]
[Date "2014.10.05"]
[Round "6"]
[White "TerryMalloy"]
[Black "Baseta"]
[Result "1-0"]
[WhiteElo "1986"]
[BlackElo "1862"]
[Opening "Sicilian, Szén (`anti-Taimanov') variation"]
[ECO "B44"]
[Time "10:04:24"]
[TimeControl "2700+45"]

1. e4 c5 2. Nf3 e6 3. d4 cxd4 4. Nxd4 Nc6 5. Nb5 d6 6. Bf4 e5 7. Be3 Nf6 8. Bg5
Be7 9. N1c3 a6 10. Bxf6 gxf6 11. Na3 b5 12. Nd5 Be6 13. c3 f5 14. exf5 Bxf5 15.
Qf3 Bg6 16. Nxb5 axb5 17. Bxb5 Rc8 18. Bxc6+ Rxc6 19. Nxe7 e4 20. Nxc6 {Black
resigns} 1-0

[Event "Team 45 45 League T62"]
[Site "Internet Chess Club"]
[Date "2014.10.03"]
[Round "6"]
[White "Heian"]
[Black "zachi"]
[Result "1-0"]
[WhiteElo "1767"]
[BlackElo "1795"]
[Opening "Robatsch (modern) defense"]
[ECO "B06"]
[Time "18:03:08"]
[TimeControl "2700+45"]

1. e4 g6 2. Nf3 c6 3. d4 Bg7 4. c3 d5 5. e5 e6 6. Nbd2 Nd7 7. Bd3 c5 8. Bc2 Ne7
9. Nb3 b6 10. O-O O-O 11. Be3 Qc7 12. Rc1 c4 13. Nbd2 b5 14. h3 a5 15. Nh2 b4
16. Ndf3 Nc6 17. Qd2 Qb6 18. Bh6 f5 19. exf6 Nxf6 20. Bxg7 Kxg7 21. Ne5 Nxe5 22.
dxe5 Nd7 23. Ng4 a4 24. Qh6+ Kg8 25. Rce1 Rf7 26. Re3 Bb7 27. Rg3 Qd8 28. Bxg6
hxg6 29. Nf6+ Rxf6 30. exf6 Nxf6 31. Rxg6+ Kf7 32. Qg7+ Ke8 33. Rxf6 Qe7 34.
Qg6+ Kd8 35. Rxe6 Qf8 36. Rfe1 Kd7 37. Qh7+ Kd8 38. Qxb7 {Black resigns} 1-0

[Event "Team 45 45 League T62"]
[Site "Internet Chess Club"]
[Date "2014.10.03"]
[Round "6"]
[White "az2112"]
[Black "Portola"]
[Result "1/2-1/2"]
[WhiteElo "1612"]
[BlackElo "1814"]
[Opening "French: Tarrasch"]
[ECO "C03"]
[Time "21:00:49"]
[TimeControl "2700+45"]

1. e4 e6 2. d4 d5 3. Nd2 dxe4 4. Nxe4 Be7 5. Nf3 Nd7 6. Bd3 Ngf6 7. Nxf6+ Nxf6
8. Bg5 O-O 9. Qe2 c5 10. O-O-O cxd4 11. Nxd4 Qa5 12. Bxf6 Bxf6 13. Qe4 g6 14.
Kb1 Qb6 15. Nb3 Rd8 16. h4 e5 17. g4 Bd7 18. Qg2 Bc6 19. f3 Qe3 20. Nd2 Rd7 21.
g5 Bg7 22. h5 Rad8 23. hxg6 hxg6 24. Rde1 Qd4 25. Ne4 Bxe4 26. Rxe4 Qb6 27. Qh2
Rd5 28. a3 Qd6 29. Rh4 Kf8 30. Rb4 b6 31. Re4 a5 32. Qe2 Rd4 33. Re1 Rxe4 34.
Qxe4 Qc5 35. Qe3 {Game drawn by mutual agreement} 1/2-1/2

[Event "Team 45 45 League T62"]
[Site "Internet Chess Club"]
[Date "2014.10.06"]
[Round "6"]
[White "Andressa"]
[Black "drsigmund1"]
[Result "1/2-1/2"]
[WhiteElo "1467"]
[BlackElo "1579"]
[Opening "French: exchange variation"]
[ECO "C01"]
[Time "22:01:51"]
[TimeControl "2700+45"]

1. e4 e6 2. d4 d5 3. exd5 exd5 4. Nf3 Bg4 5. Be2 Nc6 6. h3 Bh5 7. O-O Qd7 8. c3
O-O-O 9. Ne5 Bxe2 10. Qxe2 Qe6 11. Qg4 Nxe5 12. dxe5 Qxg4 13. hxg4 Nh6 14. g5
Nf5 15. Nd2 Be7 16. Nf3 g6 17. Re1 Ng7 18. Be3 c5 19. a3 Ne6 20. Rad1 d4 21.
cxd4 cxd4 22. Bxd4 Nxd4 23. Nxd4 Bxg5 24. Nb5 Kb8 25. Nd6 Rhf8 26. Ne4 Be7 27.
b4 {Game drawn by mutual agreement} 1/2-1/2

[Event "Team 45 45 League T62"]
[Site "Internet Chess Club"]
[Date "2014.10.05"]
[Round "6"]
[White "fhunfi"]
[Black "RubberDuck"]
[Result "1/2-1/2"]
[WhiteElo "1880"]
[BlackElo "1916"]
[Opening "Sicilian: Canal-Sokolsky attack, Sokolsky variation"]
[ECO "B52"]
[Time "11:30:31"]
[TimeControl "2700+45"]

1. e4 c5 2. Nf3 d6 3. Bb5+ Bd7 4. Bxd7+ Qxd7 5. c4 Nc6 6. Nc3 Nf6 7. O-O g6 8.
d4 cxd4 9. Nxd4 Bg7 10. Nb3 O-O 11. f3 Ne5 12. Qe2 Rac8 13. Nd2 Qc6 14. b3 Nfd7
15. Bb2 Qc5+ 16. Kh1 Nc6 17. Rac1 Qh5 18. Rfd1 Be5 19. Nf1 Rfd8 20. Nd5 Bxb2 21.
Qxb2 Qe5 22. Qxe5 Ndxe5 {Game drawn by mutual agreement} 1/2-1/2

[Event "Team 45 45 League T62"]
[Site "Internet Chess Club"]
[Date "2014.10.02"]
[Round "6"]
[White "jonesey"]
[Black "kidcobra"]
[Result "1/2-1/2"]
[WhiteElo "1892"]
[BlackElo "1804"]
[Opening "Queen's pawn game"]
[ECO "A45"]
[Time "19:24:39"]
[TimeControl "2700+45"]

1. d4 Nf6 2. c3 g6 3. Nf3 Bg7 4. Bg5 d6 5. Nbd2 Nbd7 6. e3 O-O 7. Bc4 e5 8. dxe5
Nxe5 9. Nxe5 dxe5 10. Qc2 Bf5 11. e4 Bd7 12. O-O h6 13. Bxf6 Qxf6 14. Rfd1 Be6
15. Bxe6 Qxe6 16. Qb3 Qc6 17. Qc4 Qb6 18. Qb3 Qc6 19. Qc4 Qb6 20. Qb3 Qc6 {Game
drawn by repetition} 1/2-1/2

[Event "Team 45 45 League T62"]
[Site "Internet Chess Club"]
[Date "2014.10.04"]
[Round "6"]
[White "hewdondada"]
[Black "Innes"]
[Result "1-0"]
[WhiteElo "1764"]
[BlackElo "1611"]
[Opening "Trompowsky attack (Ruth, Opocenský opening)"]
[ECO "A45"]
[Time "16:06:30"]
[TimeControl "2700+45"]

1. d4 Nf6 2. Bg5 e6 3. e4 Be7 4. Nd2 d5 5. e5 Nfd7 6. Bxe7 Qxe7 7. Ngf3 c5 8. c3
Nc6 9. Bb5 O-O 10. O-O f6 11. exf6 Qxf6 12. Qe2 a6 13. Bxc6 bxc6 14. Ne5 cxd4
15. Nxc6 dxc3 16. bxc3 Bb7 17. Nd4 e5 18. N4f3 e4 19. Nd4 a5 20. Qb5 Ba6 21.
Qxd5+ Kh8 22. Nxe4 Qg6 23. Rfe1 Nf6 24. Nxf6 Qxf6 25. Qf3 Qg6 26. Qg3 Qf6 27.
Re6 Qf7 28. Rae1 Rae8 29. f3 Bc4 30. R6e5 Rxe5 31. Qxe5 Bxa2 32. Qxa5 Qf4 33.
Qxa2 {Black resigns} 1-0

[Event "Team 45 45 League T62"]
[Site "Internet Chess Club"]
[Date "2014.10.05"]
[Round "6"]
[White "parrot9"]
[Black "John3v16"]
[Result "1-0"]
[WhiteElo "1693"]
[BlackElo "1652"]
[Opening "Sicilian: dragon, Yugoslav attack, Rauser variation"]
[ECO "B76"]
[Time "08:31:43"]
[TimeControl "2700+45"]

1. e4 c5 2. Nf3 d6 3. d4 cxd4 4. Nxd4 Nf6 5. Nc3 g6 6. f3 Bg7 7. Be3 O-O 8. Qd2
Nc6 9. O-O-O Nxd4 10. Bxd4 a6 11. g4 Be6 12. g5 Nh5 13. Bxg7 Nxg7 14. Kb1 Qa5
15. Nd5 Qd8 16. Be2 Bxd5 17. Qxd5 Ne6 18. Qd2 Qc7 19. h4 Rfc8 20. h5 Qc5 21.
hxg6 fxg6 22. Rdg1 Qe5 23. Rg4 Rc5 24. f4 Qxe4 25. Rgh4 Nf8 26. Bd3 Qd5 27. f5
Rac8 28. Bc4 Qxc4 29. Rxc4 Rxc4 30. Qd5+ Kg7 31. fxg6 Nxg6 32. Rf1 Rxc2 33. Qf7+
Kh8 34. Rh1 Nf8 35. g6 Rc1+ 36. Rxc1 Rxc1+ 37. Kxc1 Nxg6 38. Qd5 Kg7 39. Qxb7 h5
40. Qxa6 Kh6 41. a4 h4 42. Qe2 {Black resigns} 1-0

[Event "Team 45 45 League T62"]
[Site "Internet Chess Club"]
[Date "2014.10.02"]
[Round "6"]
[White "calsal"]
[Black "Buford-Julep"]
[Result "1-0"]
[WhiteElo "1771"]
[BlackElo "1674"]
[Opening "French: advance, Euwe variation"]
[ECO "C02"]
[Time "11:30:57"]
[TimeControl "2700+45"]

1. e4 e6 2. d4 d5 3. e5 c5 4. c3 Nc6 5. Nf3 Bd7 6. Bd3 cxd4 7. cxd4 Qb6 8. O-O
Nxd4 9. Nbd2 Ne7 10. Nxd4 Qxd4 11. Nf3 Qb6 12. Be3 Qc7 13. Rc1 Nc6 14. a3 Be7
15. b4 a6 16. Re1 h6 17. Qd2 Rc8 18. Bf4 Qb6 19. Bb1 a5 20. Be3 Qb5 21. Bd3 Qa4
22. b5 Nb8 23. Rxc8+ Bxc8 24. Ra1 Bd7 25. Nd4 Bb4 26. Qb2 Bxa3 27. Qxa3 Qxa3 28.
Rxa3 O-O 29. Rxa5 Rc8 30. Ra8 f5 31. f4 Kf7 32. Kf2 {Black resigns} 1-0

[Event "Team 45 45 League T62"]
[Site "Internet Chess Club"]
[Date "2014.10.04"]
[Round "6"]
[White "sockbuf"]
[Black "JeffH"]
[Result "1/2-1/2"]
[WhiteElo "1682"]
[BlackElo "1782"]
[Opening "Pirc: Austrian attack"]
[ECO "B09"]
[Time "17:00:27"]
[TimeControl "2700+45"]

1. e4 d6 2. d4 Nf6 3. Nc3 g6 4. f4 Bg7 5. e5 Nfd7 6. Be3 c5 7. Nf3 cxd4 8. Bxd4
dxe5 9. Bxe5 O-O 10. Bxg7 Kxg7 11. Qd2 Nb6 12. O-O-O Qxd2+ 13. Rxd2 Nc6 14. Be2
Bf5 15. Rhd1 Rfd8 16. Rxd8 Rxd8 17. Rxd8 Nxd8 18. Nd4 Bd7 19. Bf3 Nc4 20. b3 Nd6
21. Ne4 Nb5 22. Nxb5 Bxb5 23. c4 Bc6 24. Nd2 Kf6 25. g3 Kf5 26. Be2 Ne6 27. Nf3
f6 28. Kd2 Ke4 29. Ng1 Kd4 30. Nf3+ Ke4 31. Ng1 Kd4 32. Nf3+ Ke4 {Game drawn by
repetition} 1/2-1/2

[Event "Team 45 45 League T62"]
[Site "Internet Chess Club"]
[Date "2014.10.05"]
[Round "6"]
[White "SilentKnight"]
[Black "pauliewoll"]
[Result "0-1"]
[WhiteElo "1611"]
[BlackElo "1625"]
[Opening "QGD: exchange, positional line, 6.Qc2"]
[ECO "D36"]
[Time "16:00:33"]
[TimeControl "2700+45"]

1. d4 d5 2. c4 e6 3. Nc3 Nf6 4. cxd5 exd5 5. Bg5 c6 6. Qc2 Be7 7. e3 Nbd7 8. Bd3
O-O 9. Nf3 Re8 10. O-O h6 11. Bh4 Ne4 12. Bxe7 Qxe7 13. Rab1 Ndf6 14. Rfc1 Bf5
15. b4 Nxc3 16. Qxc3 Ne4 17. Qc2 Rac8 18. Qb3 Qd7 19. a4 Nd6 20. Ne5 Qe6 21. Rc5
f6 22. Bxf5 Qxf5 23. Nf3 Nc4 24. b5 b6 25. Rxc6 Na5 26. Rxc8 Nxb3 27. Rxe8+ Kf7
28. Rxb3 Kxe8 29. Ne1 Qd7 30. Nd3 a6 31. Kf1 axb5 32. Rxb5 Qc7 33. Nb4 Qa7 34.
Ke1 Qxa4 35. Rxb6 Qa5 36. Rb7 Kd8 37. Ke2 Kc8 38. Rb8+ Kc7 39. Kf3 Qa4 40. Rg8
Qxb4 41. Rxg7+ Kd6 42. Rh7 Qb1 43. Rxh6 Qf5+ 44. Ke2 Qg5 45. Rh8 Qxg2 46. Rh6
Ke6 47. h3 Qg7 48. Rh4 f5 49. Kf1 Qg5 50. Rh8 f4 51. h4 Qg4 52. Rf8 f3 53. Ke1
Qg1+ 54. Kd2 Qxf2+ 55. Kc3 Ke7 56. Rf4 {White resigns} 0-1

[Event "Team 45 45 League T62"]
[Site "Internet Chess Club"]
[Date "2014.10.06"]
[Round "6"]
[White "bayoumicardio10"]
[Black "Ostap-Bender"]
[Result "1-0"]
[WhiteElo "1546"]
[BlackElo "1433"]
[Opening "Sicilian: closed"]
[ECO "B23"]
[Time "20:06:53"]
[TimeControl "2700+45"]

1. e4 c5 2. Nc3 e6 3. f4 d5 4. Bb5+ Nc6 5. Nf3 d4 6. Ne2 Bd7 7. Bxc6 Bxc6 8. d3
Nf6 9. O-O Be7 10. Qe1 O-O 11. a4 a5 12. Ne5 Qc7 13. Nc4 b6 14. Ng3 Rfb8 15. f5
e5 16. Nxe5 Bd6 17. Nxc6 Bxg3 18. Qxg3 Qxc6 19. e5 Nd5 20. f6 g6 21. Qh4 h5 22.
g4 Qe8 23. gxh5 Qxe5 24. hxg6 fxg6 25. f7+ Kf8 26. Bh6+ {Black resigns} 1-0

[Event "Team 45 45 League T62"]
[Site "Internet Chess Club"]
[Date "2014.10.07"]
[Round "6"]
[White "Packerfan"]
[Black "juniorVishy"]
[Result "0-1"]
[WhiteElo "1754"]
[BlackElo "1918"]
[Opening "Sicilian: Alapin's variation (2.c3)"]
[ECO "B22"]
[Time "16:00:17"]
[TimeControl "2700+45"]

1. e4 c5 2. c3 d5 3. exd5 Qxd5 4. d4 Nc6 5. Nf3 Bg4 6. Be2 e6 7. O-O Nf6 8. h3
Bh5 9. Re1 Be7 10. c4 Qd7 11. dxc5 Bxc5 12. Nc3 O-O 13. Bg5 Qc7 14. a3 Qb6 15.
Bh4 Rfd8 16. Qc1 Bxf3 17. Bxf3 Nd4 18. Bd1 Nf5 19. Bxf6 Bxf2+ 20. Kf1 Ng3#
{White checkmated} 0-1

[Event "Team 45 45 League T62"]
[Site "Internet Chess Club"]
[Date "2014.10.03"]
[Round "6"]
[White "tryanything"]
[Black "Littlemon"]
[Result "1/2-1/2"]
[WhiteElo "1574"]
[BlackElo "1507"]
[Opening "Hungarian defense"]
[ECO "C50"]
[Time "18:59:25"]
[TimeControl "2700+45"]

1. e4 e5 2. Nf3 Nc6 3. Bc4 Be7 4. O-O Nf6 5. Re1 O-O 6. d4 d6 7. dxe5 dxe5 8.
Nc3 h6 9. Qxd8 Rxd8 10. Nd5 Nxd5 11. Bxd5 Bf6 12. c3 Na5 13. Be3 c6 14. Bb3 Nxb3
15. axb3 a6 16. h3 Be6 17. b4 Bb3 18. Nd2 Bc2 19. Rec1 Bd3 20. f3 Bg5 21. Bxg5
hxg5 22. Kf2 Rd7 23. Nf1 Rad8 24. Rd1 Bc4 25. Ne3 Bb3 26. Rxd7 Rxd7 27. Ke2 Kf8
28. Ra3 Be6 29. Ra1 Ke7 30. Rd1 Rxd1 31. Kxd1 Kd6 32. Kd2 c5 33. bxc5+ Kxc5 34.
g4 g6 35. Kc2 b5 36. b4+ Kc6 37. Kb2 Bc4 38. Nxc4 bxc4 39. Ka2 Kb5 40. Ka3 a5
41. bxa5 Kxa5 42. Ka2 Ka4 43. Kb2 f6 44. Ka2 Ka5 45. Ka3 Kb5 46. Kb2 Kc5 47. Ka3
Kb5 48. Ka2 Kc5 49. Ka3 Kb5 50. Ka2 Ka4 51. Kb2 Kb5 52. Ka3 Ka5 53. Ka2 Ka4 54.
Kb2 Kb5 55. Ka3 {Game drawn by mutual agreement} 1/2-1/2

[Event "Team 45 45 League T62"]
[Site "Internet Chess Club"]
[Date "2014.10.04"]
[Round "6"]
[White "Shanghaied"]
[Black "lemorgado"]
[Result "1-0"]
[WhiteElo "1930"]
[BlackElo "1932"]
[Opening "Caro-Kann: advance variation"]
[ECO "B12"]
[Time "20:08:27"]
[TimeControl "2700+45"]

1. e4 c6 2. d4 d5 3. e5 Bf5 4. h4 h5 5. Bg5 Qb6 6. Bd3 Bxd3 7. Qxd3 Qxb2 8. e6
Qxa1 9. Qb3 Qxd4 10. Be3 Qe4 11. Qxb7 fxe6 12. Nf3 Kd8 13. Nbd2 Qxc2 14. Qxa8
Qf5 15. Qxb8+ {Black resigns} 1-0

[Event "Team 45 45 League T62"]
[Site "Internet Chess Club"]
[Date "2014.10.03"]
[Round "6"]
[White "timothysmall56"]
[Black "GivePeasAChance"]
[Result "1-0"]
[WhiteElo "1741"]
[BlackElo "1774"]
[Opening "French: exchange variation"]
[ECO "C01"]
[Time "20:28:34"]
[TimeControl "2700+45"]

1. e4 e6 2. d4 d5 3. exd5 exd5 4. Bd3 Bd6 5. Ne2 Nf6 6. O-O O-O 7. Bd2 c6 8. c4
dxc4 9. Bxc4 Qc7 10. Ng3 Bg4 11. Qc2 Nbd7 12. Nc3 Nb6 13. Bb3 Rad8 14. Rfe1 Qb8
15. Be3 h6 16. Bxh6 Nbd5 17. Nxd5 cxd5 18. Bd2 b6 19. Qd3 Bxg3 20. Qxg3 Be6 21.
Bg5 Ne4 22. Qxb8 Rxb8 23. Bf4 Rbc8 24. f3 Nf6 25. Rac1 b5 26. Rxc8 Rxc8 27. Rc1
Rxc1+ 28. Bxc1 Nd7 29. a4 a6 30. Bc2 Kf8 31. b3 Nb8 32. Ba3+ Ke8 33. axb5 axb5
34. Bc5 Kd7 35. Kf2 Kc6 36. b4 Nd7 37. Ke3 Nxc5 38. dxc5 g5 39. g3 Bh3 40. g4
Bf1 41. Bd3 Bxd3 42. Kxd3 Kd7 43. Ke3 Ke6 44. Kd4 f6 45. h3 f5 {Black resigns}
1-0

[Event "Team 45 45 League T62"]
[Site "Internet Chess Club"]
[Date "2014.10.05"]
[Round "6"]
[White "Kali-Linux"]
[Black "Greedy-Reedy"]
[Result "1-0"]
[WhiteElo "1952"]
[BlackElo "1941"]
[Opening "Pirc: 150 attack"]
[ECO "B07"]
[Time "11:00:53"]
[TimeControl "2700+45"]

1. e4 d6 2. d4 Nf6 3. Nc3 g6 4. Be3 c6 5. Qd2 b6 6. Bd3 Bb7 7. Nf3 Nbd7 8. O-O
c5 9. e5 cxd4 10. Bxd4 dxe5 11. Nxe5 Bg7 12. Bb5 Bc8 13. Rad1 Rg8 14. Nxd7 Nxd7
15. Bxg7 Rxg7 16. Qd5 Rb8 17. Qe5 {Black resigns} 1-0

[Event "Team 45 45 League T62"]
[Site "Internet Chess Club"]
[Date "2014.10.04"]
[Round "6"]
[White "IshanR"]
[Black "Bleddyn"]
[Result "1-0"]
[WhiteElo "1909"]
[BlackElo "1674"]
[Opening "QGD: exchange, positional line"]
[ECO "D35"]
[Time "10:03:34"]
[TimeControl "2700+45"]

1. d4 d5 2. c4 e6 3. Nc3 Nf6 4. cxd5 exd5 5. Bg5 Be7 6. e3 O-O 7. Bd3 c6 8. Qc2
g6 9. Nge2 Be6 10. O-O Qd7 11. f3 Bf5 12. Bxf5 gxf5 13. Ng3 Qe6 14. Nxf5 Nbd7
15. e4 Bb4 16. Rae1 Bxc3 17. bxc3 Kh8 18. exd5 Qxd5 19. Re5 Nxe5 20. Bxf6+
{Black resigns} 1-0

[Event "Team 45 45 League T62"]
[Site "Internet Chess Club"]
[Date "2014.10.07"]
[Round "6"]
[White "elmaestro"]
[Black "pishd"]
[Result "1-0"]
[WhiteElo "1815"]
[BlackElo "1697"]
[Opening "French: advance, Paulsen attack"]
[ECO "C02"]
[Time "09:02:10"]
[TimeControl "2700+45"]

1. e4 e6 2. d4 d5 3. e5 c5 4. c3 Nc6 5. Nf3 Nge7 6. Bd3 cxd4 7. cxd4 Nf5 8. Bxf5
exf5 9. O-O Be7 10. Nc3 Be6 11. a3 O-O 12. b4 a6 13. Qe2 b5 14. Bd2 Qb6 15. Qd3
Rfc8 16. Rfe1 Ra7 17. Na2 Rac7 18. Nc1 a5 19. Rb1 axb4 20. axb4 Qa7 21. Ne2 Qb7
22. Ng5 h6 23. Nh3 Kh8 24. Qg3 Nb8 25. Nhf4 Rc2 26. Nh5 g5 27. Nf6 Bxf6 28. exf6
Rxd2 29. Nf4 Qc7 30. Qh3 Kh7 31. Nxe6 fxe6 32. Rxe6 Rc2 33. Qxf5+ Kh8 34. Rbe1
Rc1 35. Qg6 Rxe1+ 36. Rxe1 Na6 37. f7 {Black forfeits on time} 1-0